 Dungeon Crawl Stone Soup version 0.27.0-66-gdc8fb28755 (webtiles) character file.

Game seed: 1552821442131815339

601 shadowrider38 the Chopper (level 7, -1/55 HPs)
             Began as a Palentonga Fighter on Aug 21, 2021.
             Was an Initiate of Okawaru.
             Slain by Duvessa (7 damage)
             ... on level 4 of the Dungeon.
             The game lasted 00:14:44 (4536 turns).

shadowrider38 the Chopper (Palentonga Fighter)      Turns: 4536, Time: 00:14:45

Health: -1/55      AC: 14    Str: 21    XL:     7   Next: 18%
Magic:  17/17      EV:  3    Int:  9    God:    Okawaru [......]
Gold:   126        SH:  8    Dex:  9    Spells: 8/8 levels left

rFire    . . .     SeeInvis +   a - +0 war axe
rCold    . . .     Faith    .   c - +0 kite shield
rNeg     . . .     Spirit   .   k - +0 chain mail
rPois    .         Reflect  .   (no helmet)
rElec    .         Harm     .   (no cloak)
rCorr    .         Rampage  .   (no gloves)
Will     .....                  (no barding)
Stlth    ..........             (no amulet)
HPRegen  0.18/turn              f - ring of magical power
MPRegen  0.15/turn              (no ring)

@: mighty, curled up
A: large, rugged brown scales 3, see invisible, deformed body, roll 1, armoured
tail, reflexive curl
a: Rolling Charge, Renounce Religion


You were on level 4 of the Dungeon.
You worshipped Okawaru.
Okawaru was noncommittal.
You visited 2 branches of the dungeon, and saw 5 of its levels.

You collected 126 gold pieces.

Inventory:

Hand Weapons
 a - a +0 war axe (weapon)
Missiles
 h - 53 stones
 o - 5 javelins
Armour
 c - a +0 kite shield (worn)
 k - a +0 chain mail (worn)
Jewellery
 f - a ring of magical power (left hand)
Scrolls
 j - a scroll of brand weapon {unknown}
 l - a scroll of summoning {unknown}
 n - a scroll of noise {unknown}
 p - a scroll of acquirement {unknown}
Potions
 d - a potion of might
 g - 3 potions of attraction
 i - a potion of magic
 m - 2 potions of invisibility
 q - a potion of mutation {unknown}


   Skills:
 - Level 3.0 Fighting
 + Level 7.9 Axes
 - Level 2.4 Armour
 - Level 2.4 Shields
 - Level 1.0 Spellcasting


You had 8 spell levels left.
You didn't know any spells.
Your spell library was empty.

Dungeon Overview and Level Annotations

Branches:
Dungeon (4/15)             Temple (1/1) D:4

Altars:
Ashenzari
Cheibriados
Dithmenos
Elyvilon
Fedhas
Gozag
Hepliaklqana
Makhleb
Nemelex Xobeh
Okawaru
Qazlal
Trog
Vehumet
Wu Jian
Xom
Yredelemnul
Zin
The Shining One

Annotations:
D:2 1 runed translucent door, Crazy Yiuf
D:4 Dowan, Duvessa


Innate Abilities, Weirdness & Mutations

You are completely covered in rugged brown scales. (AC +3, +7% HP)
You have supernaturally acute eyesight. (SInv)
Armour fits poorly on your strangely shaped body.
You can roll at nearby foes to attack.
You have a long armoured tail.
You curl defensively after being hit.


Message History

Dowan zaps a wand.
You block the puff of flame.
Your shield prevents you from hitting Duvessa.
You closely miss Dowan. Duvessa hits you but does no damage.
Dowan hits you with a +0 dagger. You block Duvessa's attack.
You miss Dowan.
Dowan is almost dead.
You hit Duvessa but do no damage. Dowan gestures at you while chanting.
You resist with some effort.
Duvessa hits you with a +1 short sword of electrocution.
You are electrocuted!
* * * LOW HITPOINT WARNING * * *
Okay, then.
You feel much better.
Dowan says, "Where the sword fails, magic succeeds!"
Dowan hits you with a +0 dagger. You block Duvessa's attack.
Duvessa says, "Where magic fails, the sword succeeds!"
Dowan gestures at you while chanting. You resist with some effort.
Duvessa says, "When magic and the sword combine, nothing stands against them."
Duvessa says, "My weaknesses are his strengths!"
Dowan gestures at Duvessa while chanting.
Duvessa seems to speed up.
Dowan gestures wildly while chanting.
Dowan blinks!
Duvessa hits you with a +1 short sword of electrocution.
You are electrocuted!
Press: ? - help, v - describe, . - travel
Here: Duvessa, wielding a +1 short sword of electrocution and wearing a +2 ring mail of cold resistance (fast, unusually resistant)
The floor.
You feel much better.
Duvessa hits you with a +1 short sword of electrocution!
You are electrocuted!
* * * LOW HITPOINT WARNING * * *
You slash Duvessa!
Duvessa is moderately wounded.
Duvessa hits you with a +1 short sword of electrocution!
* * * LOW HITPOINT WARNING * * *
Duvessa hits you with a +1 short sword of electrocution!
You die...

# ## #. #.
##.#########################.
...).......e@................
.#..e..ยง.#################.
#.......# ###### #.......#
###########..... #....)..#
#.........'..... #.......#
#......####..... #.......#
#.........#..... #########
#.........#.....
####......#.....


You could see Duvessa (fast, resistant) and Dowan.

Vanquished Creatures
  Sigmund (D:3)
  An ice beast (D:3)
  A black bear (D:4)
  A phantom (D:4)
  A hound skeleton (D:4)
  8 adders
  4 dart slugs
  An orc (D:4)
  8 endoplasms
  2 giant cockroaches
  6 goblins
  7 hobgoblins
  6 jackals
  5 quokkas
  7 ball pythons
  7 bats
  2 frilled lizards (D:2)
  6 kobolds
  4 rats
78 creatures vanquished.

Notes
Turn   | Place    | Note
-------+----------+-------------------------------------------
     0 | D:1      | shadowrider38 the Palentonga Fighter began the quest for
                  | the Orb.
     0 | D:1      | Reached XP level 1. HP: 19/19 MP: 1/1
   558 | D:1      | Found a faded altar of an unknown god.
   559 | D:1      | Reached skill level 1 in Spellcasting
   559 | D:1      | Reached XP level 2. HP: 25/25 MP: 3/3
   748 | D:1      | Reached skill level 3 in Axes
  1003 | D:1      | Reached XP level 3. HP: 29/31 MP: 4/4
  2079 | D:2      | Reached skill level 4 in Axes
  2101 | D:2      | Reached XP level 4. HP: 27/37 MP: 5/5
  2238 | D:2      | Found a runed translucent door.
  2239 | D:2      | Noticed Crazy Yiuf
  3111 | D:3      | Noticed an ice beast
  3121 | D:3      | Killed an ice beast
  3122 | D:3      | Reached skill level 5 in Axes
  3122 | D:3      | Reached XP level 5. HP: 12/43 MP: 6/6
  3424 | D:3      | Noticed Sigmund
  3530 | D:3      | Killed Sigmund
  3531 | D:3      | Reached skill level 6 in Axes
  3531 | D:3      | Reached XP level 6. HP: 37/50 MP: 7/7
  3914 | D:4      | Found a staircase to the Ecumenical Temple.
  3924 | D:4      | Reached skill level 7 in Axes
  3941 | Temple   | Entered the Ecumenical Temple
  3949 | Temple   | Became a worshipper of Warmaster Okawaru
  4016 | D:4      | Gained mutation: You curl defensively after being hit.
                  | [Palentonga growth]
  4016 | D:4      | Reached XP level 7. HP: 41/55 MP: 8/8
  4516 | D:4      | Noticed Dowan
  4518 | D:4      | Noticed Duvessa
  4536 | D:4      | Slain by Duvessa

Illustrated notes

Levels and vault maps discovered:
D:1:      grunt_arrival_crossed_arrows, layout_basic, basic_ecumenical_altar
D:2:      layout_basic, uniq_crazy_yiuf_cottage
D:3:      layout_basic, uniq_sigmund
D:4:      layout_basic, jmf_multi_god_temple, minmay_temple_entry_overgrown,
          uniq_ijyb, uniq_duvessa
Temple:   nicolae_temple_no_exploring_needed

Skill      XL: |  1  2  3  4  5  6 |
---------------+-------------------+-----
Spellcasting   | 1 |  1.0
Axes           | 3 4 5 6 7 |  7.9
Fighting       | |  3.0
Armour         | |  2.4
Shields        | |  2.4

Action                   |  1- 3 |  4- 6 |  7- 9 || total
-------------------------+-------+-------+-------++-------
Melee: War axe           |    92 |   110 |    19 ||   221
       Tailslap          |     7 |    15 |     1 ||    23
 Abil: Rolling Charge    |    21 |    22 |     2 ||    45
  Use: Scroll            |       |     5 |       ||     5
       Potion            |       |     1 |     3 ||     4
Armor: Scale mail        |    37 |       |       ||    37
       Chain mail        |    23 |    65 |     4 ||    92
Dodge: Dodged            |    11 |    13 |       ||    24
Block: Kite shield       |    46 |    54 |     7 ||   107
